 Dungeon Crawl Stone Soup version 0.31.0-11-ge490571c62 (webtiles) character file.

Game seed: 961104897433082983

140 qw the Shooter (level 5, -1/26 HPs)
             Began as a Spriggan Hunter on Feb 4, 2024.
             Slain by an orc
             ... wielding a +0 hand axe
              (7 damage)
             ... on level 3 of the Dungeon.
             The game lasted 00:00:58 (1768 turns).

qw the Shooter (Spriggan Hunter)                    Turns: 1768, Time: 00:00:59

Health: -1/26      AC:  2    Str:  7    XL:     5   Next: 2%
Magic:  6/6        EV: 20    Int: 11    God:
Gold:   132        SH:  0    Dex: 20    Spells: 4/4 levels left

rFire   . . .        a - +0 shortbow
rCold   . . .        (shield currently unavailable)
rNeg    . . .        c - +0 robe
rPois   .            (helmet restricted)
rElec   .            (no cloak)
rCorr   .            (gloves unavailable)
SInv    +            (boots unavailable)
Will    .....        (no amulet)
Stlth   ++           (no ring)
HPRegen 0.24/turn    (no ring)
MPRegen 0.10/turn

%: no passive effects
@: very quick
A: very small, no large weapons, unfitting armour, see invisible, speed 3
a: no special abilities


You were on level 3 of the Dungeon.
You visited 1 branch of the dungeon, and saw 3 of its levels.

You collected 132 gold pieces.


Innate Abilities, Weirdness & Mutations

You are very small and have problems with some larger weapons.
You are too small for most types of armour.
You have supernaturally acute eyesight. (SInv)
You cover ground extremely quickly. (Speed+++)


   Skills:
 - Level 2.1 Fighting
 + Level 5.1 Ranged Weapons
 - Level 5.0 Dodging
 - Level 1.5 Stealth


You had 4 spell levels left.
You didn't know any spells.
Your spell library was empty.

Inventory:

Hand Weapons
 a - a +0 shortbow (weapon)
Armour
 c - a +0 robe (worn)
Scrolls
 b - a scroll of fog {unknown}
Potions
 f - a potion of haste
 g - 2 potions of curing

Dungeon Overview and Level Annotations

Branches:
Dungeon (3/15)

Altars:


Message History

The arrow hits the giant cockroach but does no damage.
An iguana comes into view.
The giant cockroach completely misses you.
You shoot an arrow. The arrow hits the giant cockroach.
The giant cockroach is severely wounded.
The giant cockroach misses you.
A hobgoblin comes into view.
The giant cockroach bites you but does no damage.
You shoot an arrow. The arrow hits the giant cockroach.
You kill the giant cockroach!
You hear a shout!
The hobgoblin hits you. The iguana closely misses you.
You shoot an arrow. The arrow hits the iguana.
The iguana is moderately wounded.
The hobgoblin misses you.
An orc comes into view. It is wielding a +0 hand axe.
The iguana bites you! The iguana misses you. The hobgoblin misses you.
You shoot an arrow. The arrow hits the iguana.
The iguana is severely wounded.
The hobgoblin misses you.
An endoplasm comes into view.
The iguana closely misses you.
You shoot an arrow. The arrow hits the iguana.
You kill the iguana!
The orc misses you. The hobgoblin closely misses you.
Your Fighting skill increases to level 2!
You have reached level 5!
You feel clever.
You shoot an arrow. The arrow hits the hobgoblin.
You kill the hobgoblin!
The orc hits you with a +0 hand axe.
You shoot an arrow. The arrow hits the endoplasm.
The endoplasm is severely wounded.
The orc hits you with a +0 hand axe.
The endoplasm hits you but does no damage.
You shoot an arrow. The arrow hits the endoplasm.
You kill the endoplasm!
The orc hits you with a +0 hand axe.
You shoot an arrow. The arrow barely misses the orc.
The orc hits you with a +0 hand axe!
You die...

........(.....#.#################
......####....#.#...............#
......+ ####.#.#...#.#####......
......# #.#.#####.# #.###.#
......#.# #.#.....<.# #.#.#%#
......#.# #.........# #.#.#.#
#....##.# ###.####### #.#...#
........## #..o#)# #.#.###
.........# #..#@%# #.#.#
...#..(..# #..###%.# #.#.#
...#.....##..# #..# #.#.#
...#.....#..# #..# #.#.#
...#.....#.# #.######.#.###
...##...##. .##.....#....
#'###...# ##.######### #.......#
#.# ........# #.#


You could see an orc.

Vanquished Creatures
  An iguana (D:3)
  Robin (D:2)
  5 adders
  3 dart slugs
  A ribbon worm (D:2)
  4 endoplasms
  2 giant cockroaches (D:3)
  6 goblins
  8 hobgoblins
  2 jackals (D:3)
  6 ball pythons
  4 bats
  2 frilled lizards
  5 kobolds
  2 rats
52 creatures vanquished.

Notes
Turn   | Place    | Note
-------+----------+-------------------------------------------
     0 | D:1      | qw the Spriggan Hunter began the quest for the Orb.
     0 | D:1      | Reached XP level 1. HP: 10/10 MP: 2/2
     0 | D:1      | 0 ||| qw: Version: 0.3-a-160-g6735b56
     0 | D:1      | 0 ||| qw: Game counter: 5902
     0 | D:1      | 0 ||| qw: Melee chars always use a shield: true
     0 | D:1      | 0 ||| qw: God list: Okawaru
     0 | D:1      | 0 ||| qw: Allow faded altars: false
     0 | D:1      | 0 ||| qw: Do Orc after clearing Dungeon:15 true
     0 | D:1      | 0 ||| qw: Do second Lair branch before Depths: true
     0 | D:1      | 0 ||| qw: Lair rune preference: random
     0 | D:1      | 0 ||| qw: Goals: Normal
     0 | D:1      | 0 ||| PLANNING D:1-11
    21 | D:1      | Reached skill level 3 in Dodging
   159 | D:1      | Reached XP level 2. HP: 14/14 MP: 3/3
   540 | D:1      | 540 ||| READING 2 scrolls labelled BOLIDU IJEC.
   540 | D:1      | 540 ||| IDENTIFYING lumpy orange potion
   541 | D:1      | 541 ||| READING scroll of identify.
   541 | D:1      | 541 ||| IDENTIFYING white potion
   542 | D:1      | 542 ||| DRINKING 2 murky blue potions.
   543 | D:1      | 543 ||| DROPPING scroll of butterflies.
   544 | D:1      | 544 ||| DROPPING potion of attraction.
   757 | D:2      | Reached XP level 3. HP: 15/18 MP: 4/4
  1118 | D:2      | Reached XP level 4. HP: 22/22 MP: 5/5
  1219 | D:2      | Noticed Robin
  1223 | D:2      | Killed Robin
  1318 | D:2      | 1318 ||| DROPPING amulet of magic regeneration.
  1319 | D:2      | 1319 ||| READING 2 scrolls of identify.
  1319 | D:2      | 1319 ||| IDENTIFYING silvery potion
  1320 | D:2      | 1320 ||| READING scroll of identify.
  1320 | D:2      | 1320 ||| IDENTIFYING murky clear potion
  1321 | D:2      | 1321 ||| DRINKING 2 fizzy silvery potions.
  1322 | D:2      | 1322 ||| DROPPING potion of degeneration.
  1323 | D:2      | 1323 ||| DROPPING potion of invisibility.
  1324 | D:2      | 1324 ||| DROPPING potion of magic.
  1765 | D:3      | Reached XP level 5. HP: 13/26 MP: 6/6
  1766 | D:3      | HP: 6/26 [orc/+0 hand axe (6)]
  1768 | D:3      | Slain by an orc

Levels and vault maps discovered:
D:1:      lightli_arrival_statuegarden, layout_basic,
          nicolae_kite_square_tiling_tiny
D:2:      layout_loops_ring, minmay_misc_feat_chi, eino_curves_03, uniq_robin
D:3:      minmay_diamond_boxcup, layout_basic, serial_shops, shop

Skill      XL: |  1  2  3  4 |
---------------+-------------+-----
Dodging        | 3 4 5 |  5.0
Ranged Weapons | 5 |  5.1
Fighting       | 2 |  2.1
Stealth        | |  1.5

Action                     |  1- 3 |  4- 6 || total
---------------------------+-------+-------++-------
   Fire: Shortbow          |    83 |    74 ||   157
    Use: Scroll            |     2 |     2 ||     4
         Potion            |     1 |     1 ||     2
 Armour: Robe              |    12 |    15 ||    27
  Dodge: Dodged            |    31 |    37 ||    68

Table legend:
 A = Non-vault XP
 B = Vault XP
 C = Vault XP percentage of total XP
 D = Non-vault monster count
 E = Vault monster count
 F = Vault count percentage of total count
                 A         B        C        D         E       F
            +---------+---------+-------+---------+---------+-------
      Total |     166 |      34 |  17.0 |      41 |      11 |  21.2
            +---------+---------+-------+---------+---------+-------
        D:1 |      25 |       0 |   0.0 |      15 |       0 |   0.0
        D:2 |      76 |      26 |  25.5 |      15 |       7 |  31.8
        D:3 |      65 |       8 |  11.0 |      11 |       4 |  26.7
            +---------+---------+-------+---------+---------+-------
